| TOP OF THE 1ST |
|
Amarillo Gold Sox batting - Pitching for Albuquerque Dukes : RHP Peter Chapin
|
|
Pitching: RHP Peter Chapin
|
|
|
Batting: SHB Mike Felder
|
0-0: Ball 1-0: Ball 2-0: Ball 3-0: Called Strike 3-1: Foul Ball, location: 2F 3-2: Strikes out swinging
|
|
Batting: SHB Steve Jeltz
|
0-0: Called Strike 0-1: Ball 1-1: Called Strike 1-2: Foul Ball, location: 2F 1-2: Ground out U3 (Groundball, 13, EV 83.8 MPH)
|
|
Batting: SHB Al Newman
|
0-0: Called Strike 0-1: Ball 1-1: Called Strike 1-2: Ball 2-2: Ball 3-2: Base on Balls
|
|
Batting: LHB Louie Meadows
|
0-0: Ball 1-0: Ball 2-0: Foul Ball, location: 2F 2-1: Ball 3-1: Base on Balls Al Newman to second
|
|
Batting: RHB Bill Pecota
|
0-0: Ball 1-0: Called Strike 1-1: Ball 2-1: Ball 3-1: Foul Ball, location: 2F 3-2: Foul Ball, location: 2F 3-2: Foul Ball, location: 2F 3-2: Foul Ball, location: 2F 3-2: Base on Balls Al Newman to third Louie Meadows to second
|
|
Batting: LHB Russ Laribee
|
0-0: Ball 1-0: Foul Ball, location: 2F 1-1: Ball 2-1: Foul Ball, location: 2F 2-2: Ball 3-2: Base on Balls Al Newman scores Louie Meadows to third Bill Pecota to second
|
|
Batting: RHB Dan Henry
|
0-0: Ball 1-0: Called Strike 1-1: Ball 2-1: Foul Ball, location: 2F 2-2: Strikes out looking
|
| Top of the 1st over - 1 run, 0 hits, 0 errors, 3 left on base; Amarillo 1 - Albuquerque 0 |
| BOTTOM OF THE 1ST |
|
Albuquerque Dukes batting - Pitching for Amarillo Gold Sox : RHP Stew Cliburn
|
|
Pitching: RHP Stew Cliburn
|
|
|
Batting: RHB Jack Lopez
|
0-0: Called Strike 0-1: Ball 1-1: Called Strike 1-2: SINGLE (Flyball, 9S, EV 92.5 MPH)
|
|
Batting: LHB Elwood Holland
|
0-0: Ball 1-0: Fielders Choice at 2nd, 4-6 (Groundball, 34, EV 81.3 MPH)
|
|
Batting: LHB Dave Yobs
|
0-0: Called Strike Elwood Holland steals 2nd base 0-1: Called Strike 0-2: Foul Ball, location: 2F 0-2: Fly out, F8 (Flyball, 8RD, EV 95.6 MPH)
|
|
Batting: RHB James Oros
|
0-0: Called Strike 0-1: Ball 1-1: Swinging Strike 1-2: Strikes out swinging
|
| Bottom of the 1st over - 0 runs, 1 hit, 0 errors, 1 left on base; Amarillo 1 - Albuquerque 0 |
| TOP OF THE 2ND |
|
Amarillo Gold Sox batting - Pitching for Albuquerque Dukes : RHP Peter Chapin
|
|
Batting: RHB Andrew Barbee
|
0-0: Fly out, F7 (Flyball, 78S, EV 81.9 MPH)
|
|
Batting: RHB Chino Cadahia
|
0-0: Ball 1-0: Foul Ball, location: 2F 1-1: Foul Ball, location: 2F 1-2: Ball 2-2: Ball 3-2: Base on Balls
|
|
Batting: SHB Mike Felder
|
0-0: Ball 1-0: Called Strike 1-1: Ball 2-1: Swinging Strike 2-2: Reached on error, E5 (Groundball, 5L, EV 100.6 MPH) Chino Cadahia to second
|
|
Batting: SHB Steve Jeltz
|
0-0: Called Strike 0-1: Ball 1-1: Ball 2-1: Ground out 3-1 (Groundball, 34, EV 83.1 MPH) Chino Cadahia to third Mike Felder to second
|
|
Batting: SHB Al Newman
|
0-0: Foul Ball, location: 2F 0-1: Called Strike 0-2: Ball 1-2: Ball 2-2: Ball 3-2: Base on Balls
|
|
Batting: LHB Louie Meadows
|
0-0: Ball 1-0: Foul Ball, location: 2F 1-1: Fly out, F7 (Flyball, 78M, EV 96.3 MPH)
|
| Top of the 2nd over - 0 runs, 0 hits, 1 error, 3 left on base; Amarillo 1 - Albuquerque 0 |
| BOTTOM OF THE 2ND |
|
Albuquerque Dukes batting - Pitching for Amarillo Gold Sox : RHP Stew Cliburn
|
|
Batting: LHB Andres Romero
|
0-0: Ball 1-0: Ground out U3 (Groundball, 3, EV 103.8 MPH)
|
|
Batting: RHB Steven Houlberg
|
0-0: Ball 1-0: Ball 2-0: Called Strike 2-1: Foul Ball, location: 2F 2-2: Strikes out swinging
|
|
Batting: RHB Steven Patterson
|
0-0: Fly out, F7 (Flyball, 7LS, EV 86.9 MPH)
|
| Bottom of the 2nd over - 0 runs, 0 hits, 0 errors, 0 left on base; Amarillo 1 - Albuquerque 0 |
| TOP OF THE 3RD |
|
Amarillo Gold Sox batting - Pitching for Albuquerque Dukes : RHP Peter Chapin
|
|
Batting: RHB Bill Pecota
|
0-0: Ball 1-0: Ball 2-0: Ground out 2-3 (Groundball, 2L, EV 66.3 MPH)
|
|
Batting: LHB Russ Laribee
|
0-0: Ball 1-0: Ball 2-0: Called Strike 2-1: Swinging Strike 2-2: Fly out, F8 (Flyball, 8RD, EV 89.4 MPH)
|
|
Batting: RHB Dan Henry
|
0-0: Ball 1-0: Ground out 4-3 (Groundball, 4M, EV 80.0 MPH)
|
| Top of the 3rd over - 0 runs, 0 hits, 0 errors, 0 left on base; Amarillo 1 - Albuquerque 0 |
| BOTTOM OF THE 3RD |
|
Albuquerque Dukes batting - Pitching for Amarillo Gold Sox : RHP Stew Cliburn
|
|
Batting: LHB Sal Rende
|
0-0: Ball 1-0: Ground out 6-3 (Groundball, 56, EV 88.8 MPH)
|
|
Batting: RHB Michael Williams
|
0-0: Ball 1-0: Called Strike 1-1: Reached on error, E5 (Groundball, 5, EV 87.5 MPH)
|
|
Batting: RHB Jack Lopez
|
0-0: Ball Wild Pitch! Michael Williams to second 1-0: Ball 2-0: Called Strike 2-1: Ball 3-1: Ground out 4-3 (Groundball, 4, EV 86.3 MPH) Michael Williams to third
|
|
Batting: LHB Elwood Holland
|
0-0: Fly out, F8 (Flyball, 8RD, EV 86.3 MPH)
|
| Bottom of the 3rd over - 0 runs, 0 hits, 1 error, 1 left on base; Amarillo 1 - Albuquerque 0 |
| TOP OF THE 4TH |
|
Amarillo Gold Sox batting - Pitching for Albuquerque Dukes : RHP Peter Chapin
|
|
Batting: RHB Andrew Barbee
|
0-0: Ball 1-0: Ball 2-0: Ball 3-0: Base on Balls
|
|
Batting: RHB Chino Cadahia
|
0-0: Ball 1-0: Called Strike 1-1: Ball 2-1: Foul Ball, location: 2F 2-2: Foul Ball, location: 2F 2-2: Grounds into double play, 5-4-3 (Groundball, 56, EV 78.8 MPH)
|
|
Batting: SHB Mike Felder
|
0-0: Ball 1-0: Ball 2-0: Ball 3-0: Called Strike 3-1: Swinging Strike 3-2: Foul Ball, location: 2F 3-2: SINGLE (Groundball, 23, EV 66.3 MPH) (infield hit)
|
|
Batting: SHB Steve Jeltz
|
0-0: Called Strike Mike Felder steals 2nd base 0-1: Called Strike 0-2: Ground out 1-3 (Groundball, 13, EV 75.0 MPH)
|
| Top of the 4th over - 0 runs, 1 hit, 0 errors, 1 left on base; Amarillo 1 - Albuquerque 0 |
| BOTTOM OF THE 4TH |
|
Albuquerque Dukes batting - Pitching for Amarillo Gold Sox : RHP Stew Cliburn
|
|
Batting: LHB Dave Yobs
|
0-0: SINGLE (Flyball, 8LS, EV 93.8 MPH)
|
|
Batting: RHB James Oros
|
0-0: Ball 1-0: Ball 2-0: Ball 3-0: Called Strike 3-1: Base on Balls Dave Yobs to second
|
|
Batting: LHB Andres Romero
|
0-0: Called Strike 0-1: Ground out 3-1 (Groundball, 3S, EV 90.0 MPH) Dave Yobs to third James Oros to second
|
|
Batting: RHB Steven Houlberg
|
0-0: Ball 1-0: SINGLE (Line Drive, 78S, EV 90.0 MPH) Dave Yobs scores James Oros to third
|
|
Batting: RHB Steven Patterson
|
0-0: Called Strike 0-1: Swinging Strike 0-2: Grounds into double play, 5-4-3 (Groundball, 15, EV 83.8 MPH)
|
| Bottom of the 4th over - 1 run, 2 hits, 0 errors, 1 left on base; Amarillo 1 - Albuquerque 1 |
| TOP OF THE 5TH |
|
Amarillo Gold Sox batting - Pitching for Albuquerque Dukes : RHP Peter Chapin
|
|
Batting: SHB Al Newman
|
0-0: Ball 1-0: Foul Ball, location: 2F 1-1: Ball 2-1: Foul Ball, location: 2F 2-2: Foul Ball, location: 2F 2-2: Ground out 5-3 (Groundball, 5, EV 90.0 MPH)
|
|
Batting: LHB Louie Meadows
|
0-0: Ball 1-0: Ball 2-0: Ball 3-0: Called Strike 3-1: Swinging Strike 3-2: Strikes out looking
|
|
Batting: RHB Bill Pecota
|
0-0: Ball 1-0: Foul Ball, location: 2F 1-1: Ground out 6-3 (Groundball, 6, EV 98.1 MPH)
|
| Top of the 5th over - 0 runs, 0 hits, 0 errors, 0 left on base; Amarillo 1 - Albuquerque 1 |
| BOTTOM OF THE 5TH |
|
Albuquerque Dukes batting - Pitching for Amarillo Gold Sox : RHP Stew Cliburn
|
|
Batting: LHB Sal Rende
|
0-0: Called Strike 0-1: Ball 1-1: Foul Ball, location: 2F 1-2: Ball 2-2: Ball 3-2: Strikes out looking
|
|
Batting: RHB Michael Williams
|
0-0: Ball 1-0: Foul Ball, location: 2F 1-1: Foul Ball, location: 2F 1-2: Ball 2-2: Ground out 1-3 (Groundball, 15, EV 64.4 MPH)
|
|
Batting: RHB Jack Lopez
|
0-0: Ball 1-0: SINGLE (Line Drive, 8LS, EV 101.9 MPH)
|
|
Batting: LHB Elwood Holland
|
0-0: Ball Jack Lopez steals 2nd base 1-0: Ball 2-0: Ball 3-0: Base on Balls
|
|
Batting: LHB Dave Yobs
|
0-0: Ball 1-0: DOUBLE (Line Drive, 89D, EV 103.8 MPH) Jack Lopez scores Elwood Holland to third Runner from 3rd tries for Home, SAFE, throw by RF to trailing runner, SAFE at third!
|
|
Batting: RHB James Oros
|
0-0: Ball 1-0: Foul Ball, location: 2F 1-1: Swinging Strike 1-2: Strikes out swinging
|
| Bottom of the 5th over - 2 runs, 2 hits, 0 errors, 1 left on base; Amarillo 1 - Albuquerque 3 |
| TOP OF THE 6TH |
|
Amarillo Gold Sox batting - Pitching for Albuquerque Dukes : RHP Peter Chapin
|
|
Batting: LHB Russ Laribee
|
0-0: Called Strike 0-1: SINGLE (Groundball, 4MD, EV 101.9 MPH)
|
|
Batting: RHB Dan Henry
|
0-0: Foul Ball, location: 2F 0-1: Foul Ball, location: 2F 0-2: Fielders Choice at 2nd, 5-4 (Groundball, 56S, EV 93.8 MPH)
|
|
Batting: RHB Andrew Barbee
|
0-0: Ball 1-0: Swinging Strike 1-1: Ball 2-1: Foul Ball, location: 2F 2-2: Foul Ball, location: 2F 2-2: Fielders Choice at 2nd, 6-4 (Groundball, 6, EV 111.9 MPH)
|
|
Batting: RHB Chino Cadahia
|
0-0: Ball Andrew Barbee is caught stealing 2nd base 2-4
|
| Top of the 6th over - 0 runs, 1 hit, 0 errors, 0 left on base; Amarillo 1 - Albuquerque 3 |
| BOTTOM OF THE 6TH |
|
Albuquerque Dukes batting - Pitching for Amarillo Gold Sox : RHP Stew Cliburn
|
|
Batting: LHB Andres Romero
|
0-0: Called Strike 0-1: Ground out U3 (Groundball, 34S, EV 81.3 MPH)
|
|
Batting: RHB Steven Houlberg
|
0-0: Called Strike 0-1: Foul Ball, location: 2F 0-2: Ball 1-2: Strikes out swinging
|
|
Batting: RHB Steven Patterson
|
0-0: Foul Ball, location: 2F 0-1: Swinging Strike 0-2: Foul Ball, location: 2F 0-2: Ball 1-2: Fly out, F7 (Flyball, 7, EV 88.8 MPH)
|
| Bottom of the 6th over - 0 runs, 0 hits, 0 errors, 0 left on base; Amarillo 1 - Albuquerque 3 |
| TOP OF THE 7TH |
|
Amarillo Gold Sox batting - Pitching for Albuquerque Dukes : RHP Peter Chapin
|
|
Batting: RHB Chino Cadahia
|
0-0: Ball 1-0: Called Strike 1-1: Foul Ball, location: 2F 1-2: Foul Ball, location: 2F 1-2: Ball 2-2: Foul Ball, location: 2F 2-2: Foul Ball, location: 2F 2-2: Ground out 4-3 (Groundball, 4M, EV 88.8 MPH)
|
|
Batting: SHB Mike Felder
|
0-0: Ball 1-0: Called Strike 1-1: Ground out 5-3 (Groundball, 5, EV 82.5 MPH)
|
|
Batting: SHB Steve Jeltz
|
0-0: Ball 1-0: Ground out 6-3 (Groundball, 6M, EV 93.8 MPH)
|
| Top of the 7th over - 0 runs, 0 hits, 0 errors, 0 left on base; Amarillo 1 - Albuquerque 3 |
| BOTTOM OF THE 7TH |
|
Albuquerque Dukes batting - Pitching for Amarillo Gold Sox : RHP Stew Cliburn
|
|
Batting: LHB Sal Rende
|
0-0: Called Strike 0-1: Foul Ball, location: 2F 0-2: Ball 1-2: Ball 2-2: Strikes out swinging
|
|
Batting: RHB Michael Williams
|
0-0: Foul Ball, location: 2F 0-1: Ball 1-1: Ball 2-1: Swinging Strike 2-2: Strikes out swinging
|
|
Batting: RHB Jack Lopez
|
0-0: Ball 1-0: Ball 2-0: Called Strike 2-1: Ball 3-1: Called Strike 3-2: Ground out 5-3 (Groundball, 56S, EV 93.1 MPH)
|
| Bottom of the 7th over - 0 runs, 0 hits, 0 errors, 0 left on base; Amarillo 1 - Albuquerque 3 |
| TOP OF THE 8TH |
|
Amarillo Gold Sox batting - Pitching for Albuquerque Dukes : RHP Peter Chapin
|
|
Batting: SHB Al Newman
|
0-0: Ball 1-0: Called Strike 1-1: Ground out 5-3 (Groundball, 56S, EV 63.1 MPH)
|
|
Batting: LHB Louie Meadows
|
0-0: Foul Ball, location: 2F 0-1: Ball 1-1: Ground out 4-3 (Groundball, 4, EV 86.3 MPH)
|
|
Batting: RHB Bill Pecota
|
0-0: Ball 1-0: Foul Ball, location: 2F 1-1: Ball 2-1: Foul Ball, location: 2F 2-2: Reached on error, E6 (Groundball, 6, EV 98.1 MPH)
|
|
Batting: LHB Russ Laribee
|
0-0: Called Strike 0-1: Ball 1-1: Ball 2-1: Ball 3-1: Base on Balls
|
|
Batting: RHB Dan Henry
|
0-0: Swinging Strike 0-1: Fielders Choice at 2nd, 5-4 (Groundball, 5, EV 84.4 MPH)
|
| Top of the 8th over - 0 runs, 0 hits, 1 error, 2 left on base; Amarillo 1 - Albuquerque 3 |
| BOTTOM OF THE 8TH |
|
Albuquerque Dukes batting - Pitching for Amarillo Gold Sox : RHP Stew Cliburn
|
|
Pitching: RHP Joel Finch
|
|
|
Batting: LHB Elwood Holland
|
0-0: Ball 1-0: Ball 2-0: Reached on error, E4 (Groundball, 4S, EV 90.0 MPH)
|
|
Batting: LHB Dave Yobs
|
0-0: Intentional Walk
|
|
Batting: RHB James Oros
|
0-0: Swinging Strike 0-1: Fly out, F9 (Flyball, 9, EV 91.3 MPH)
|
|
Batting: LHB Andres Romero
|
0-0: Ball 1-0: DOUBLE (Line Drive, 78XD, EV 108.8 MPH) Elwood Holland scores Dave Yobs to third Runner from 3rd tries for Home, SAFE, throw by CF to trailing runner, SAFE at third!
|
|
Batting: RHB Steven Houlberg
|
0-0: Ball 1-0: Ball 2-0: Foul Ball, location: 2F 2-1: Foul Ball, location: 2F 2-2: Strikes out swinging
|
|
Batting: RHB Steven Patterson
|
0-0: Ball 1-0: Ball 2-0: Ground out 5-3 (Groundball, 56S, EV 85.6 MPH)
|
| Bottom of the 8th over - 2 runs, 1 hit, 1 error, 1 left on base; Amarillo 1 - Albuquerque 5 |
| TOP OF THE 9TH |
|
Amarillo Gold Sox batting - Pitching for Albuquerque Dukes : RHP Peter Chapin
|
|
Pitching: RHP Kevin Carcella
|
|
|
Batting: RHB Andrew Barbee
|
0-0: Ball 1-0: Swinging Strike 1-1: Called Strike 1-2: Ball 2-2: Ball 3-2: Base on Balls
|
|
Batting: RHB Chino Cadahia
|
0-0: Ball 1-0: Called Strike 1-1: Foul Ball, location: 2F 1-2: Ball 2-2: Foul Ball, location: 2F 2-2: Fly out, F5 (Flyball, 5D, EV 87.5 MPH)
|
|
Batting: SHB Mike Felder
|
0-0: Called Strike 0-1: Grounds into double play, 4-6-3 (Groundball, 4, EV 110.0 MPH)
|
| Top of the 9th over - 0 runs, 0 hits, 0 errors, 0 left on base; Amarillo 1 - Albuquerque 5 |
|